 Dungeon Crawl Stone Soup version 0.29.1-2-gbd0b4ee654 (webtiles) character file.

Game seed: 1817694594806830856

4697 styxcanada the Covert (level 10, -1/49 HPs)
             Began as a Spriggan Brigand on Nov 29, 2022.
             Was an Initiate of Gozag.
             Slain by a hornet (14 damage)
             ... on level 8 of the Dungeon.
             The game lasted 00:39:32 (9713 turns).

styxcanada the Covert (Spriggan Brigand)            Turns: 9713, Time: 00:39:33

Health: -1/49      AC:  5    Str:  7    XL:     10   Next: 21%
Magic:  18/18      EV: 24    Int: 12    God:    Gozag
Gold:   519        SH:  0    Dex: 28    Spells: 18/19 levels left

rFire   + . .      SeeInvis +   j - +6 dagger (venom)
rCold   + . .      Faith    .   (no shield)
rNeg    + . .      Spirit   .   B - +2 robe {rC+ rF+}
rPois   .          Reflect  .   (helmet restricted)
rElec   .          Harm     .   c - +0 cloak
rCorr   .          Rampage  .   (gloves unavailable)
Will    +....                   (boots unavailable)
Stlth   ++++++....              (no amulet)
HPRegen 0.16/turn               s - ring of Mirth {rN+ Slay+3}
MPRegen 0.16/turn               u - +6 ring of dexterity

@: slowed, quick
A: very small, no large weapons, unfitting armour, see invisible, speed 3
a: Renounce Religion, Potion Petition, Call Merchant, Bribe Branch


You were on level 8 of the Dungeon.
You worshipped Gozag.
Gozag was pleased with you.
You visited 2 branches of the dungeon, and saw 9 of its levels.

You collected 715 gold pieces.
You spent 78 gold pieces at shops.
You paid 118 gold pieces to Gozag.

Inventory:

Hand Weapons
 a - a +2 dagger
 j - a +6 dagger of venom (weapon)
 z - a +0 sling
 F - a +5 mace
Missiles
 d - 9 poisoned darts (quivered)
 e - 3 curare-tipped darts
 h - 55 stones
 o - 10 boomerangs
Armour
 c - a +0 cloak (worn)
 B - a +2 robe of resistance (worn)
Jewellery
 p - a ring of resist corrosion
 s - the ring of Mirth (left hand) {rN+ Slay+3}
   (You took it off an orc on level 3 of the Dungeon)

   [ring of positive energy]

   Slay:      It affects your accuracy & damage with ranged weapons and melee
   (+3).
   rN:        It protects you from negative energy.
 t - a ring of ice
 u - a +6 ring of dexterity (right hand)
Wands
 g - a wand of flame (12)
 k - a wand of digging (4)
 x - a wand of iceblast (17)
Scrolls
 f - 2 scrolls of poison
 q - 2 scrolls of fear
 r - a scroll of silence
 y - a scroll of blinking
 C - 2 scrolls of magic mapping
 E - a scroll of immolation
Potions
 i - 2 potions of might
 l - a potion of haste
 m - a potion of mutation
 n - 6 potions of curing
 v - 4 potions of brilliance
 w - 2 potions of cancellation
 A - 2 potions of flight
 D - 2 potions of heal wounds


   Skills:
 + Level 3.7 Fighting
 + Level 6.4 Short Blades
 + Level 2.2 Ranged Weapons
 + Level 4.4 Throwing
 * Level 6.4 Dodging
 * Level 14.0 Stealth
 * Level 5.2 Spellcasting
 * Level 1.9 Conjurations
 * Level 2.2 Fire Magic
 * Level 6.0 Evocations


You had 18 spell levels left.
You knew the following spells:

 Your Spells              Type           Power      Damage    Failure   Level
a - Foxfire               Conj/Fire      32%        2x1d5     9%          1

Your spell library contained the following spells:

 Spells                   Type           Power      Damage    Failure   Level
 Slow                     Hex            12%        N/A       21%         1
 Conjure Flame            Conj/Fire      8%         6-21      26%         3
 Poisonous Vapours        Pois/Air       6%         N/A       30%         2
 Inner Flame              Hex/Fire       5%         N/A       36%         3
 Ignite Poison            Fire/Tmut/Pois 4%         N/A       41%         3
 Flame Wave               Conj/Fire      8%         2d5       63%         4
 Sticky Flame             Conj/Fire      8%         2d3       63%         4
 Airstrike                Air            1%         2d(1-17)  89%         4
 Passage of Golubria      Tloc           3%         N/A       89%         4
 Summon Lightning Spire   Summ/Air       3%         N/A       89%         4
 Lightning Bolt           Conj/Air       2%         1d14      98%         5
 Silence                  Hex/Air        1%         N/A       99%         5
 Storm Form               Tmut/Air       1%         N/A       100%        7
 Lehudib's Crystal Spear  Conj/Erth      2%         10d2      100%        8
 Maxwell's Capacitive Co  Air            1%         ∞         100%        8
 Corpse Rot               Necr/Pois/Air  Unusable   N/A       N/A         4

Dungeon Overview and Level Annotations

Branches:
Dungeon (8/15)             Temple (1/1) D:5
   Lair: D:8-11

Altars:
Ashenzari
Cheibriados
Dithmenos
Elyvilon
Fedhas
Gozag
Hepliaklqana
Kikubaaqudgha
Makhleb
Nemelex Xobeh
Okawaru
Qazlal
Ru
Sif Muna
Trog
Uskayaw
Vehumet
Wu Jian
Xom
Yredelemnul
Zin
The Shining One

Shops:
D:7 (?


Innate Abilities, Weirdness & Mutations

You are very small and have problems with some larger weapons.
You are too small for most types of armour.
You have supernaturally acute eyesight. (SInv)
You cover ground extremely quickly. (Speed+++)


Message History

The orc warrior looks as sick as possible!
The orc warrior is almost dead.
The orc warrior completely misses you.
You hit the orc warrior.
The orc warrior looks as sick as possible!
The orc warrior is almost dead.
The orc closely misses you. The orc warrior completely misses you.
You puncture the orc!
You kill the orc!
You kill the orc warrior!
Things that are here:
4 gold pieces; a +0 dagger; a +0 scale mail You now have 519 gold pieces (gained 6).
d - 9 poisoned darts (gained 1)
Things that are here:
a +1 vorpal long sword; a +0 plate armour
Things that are here:
4 gold pieces; a +0 flail; a +0 chain mail The hornet completely misses you.
The orc priest shouts!
You hit the hornet.
The hornet is lightly wounded.
The hornet barely misses you.
You hit the hornet.
The hornet is lightly wounded.
The hornet completely misses you.
You puncture the hornet!
The hornet is poisoned.
The hornet is heavily wounded.
The hornet stings you!
* * * LOW HITPOINT WARNING * * *
You feel yourself slow down.
You hit the hornet but do no damage.
The hornet is heavily wounded.
The hornet barely misses you.
The orc priest looks braver for a moment.
You hit the hornet but do no damage.
The hornet is severely wounded.
The hornet completely misses you. The hornet stings you!
You die...
Your body crumbles into a pile of gold.

......................o'o.
....####...............#
....'..#......#'##.....#
....#..#......#(.#.$$..#
....#+##......#(.#..$..#
#.............#..#.y...#
#.............#$)#.....#
#.............#.$#.....#
#.............#.@#.....#
....#+###. #..y..o..#
....# ####.....# ....#
#.....# ....# ....# ....#
....# ....# ...# #####
####


You could see a hornet (very poisoned) and an orc priest.

Vanquished Creatures
  A boulder beetle (D:6)
  Pikel (D:4)
  Grinder (D:6)
  A steam dragon (D:6)
  2 water moccasins
  Duvessa (D:5)
  3 orc warriors
  3 sky beasts
  3 black bears
  2 ogres
  A centaur (D:7)
  A lemure (D:4)
  A phantom (D:4)
  2 bullfrogs
  A necrophage (D:7)
  7 wights (D:7)
  Dowan (D:5)
  8 killer bees
  2 electric eels (D:6)
  A howler monkey (D:6)
  A crimson imp (D:7)
  4 hounds
  Crazy Yiuf (D:6)
  2 jellies
  An orc priest (D:4)
  Natasha (twice) (D:2)
  3 iguanas (D:4)
  4 orc wizards
  Ijyb (D:4)
  3 gnolls (D:4)
  10 adders
  2 shadow imps
  3 white imps
  5 ufetubi
  5 dart slugs
  21 orcs
  6 ball pythons
  7 endoplasms
  2 giant cockroaches
  6 goblins
  5 hobgoblins
  6 quokkas
  4 bats
  3 frilled lizards
  7 kobolds
  5 rats
162 creatures vanquished.

Vanquished Creatures (others)
  8 foxfires (D:7)
8 creatures vanquished.

Grand Total: 170 creatures vanquished

Notes
Turn   | Place    | Note
-------+----------+-------------------------------------------
     0 | D:1      | styxcanada the Spriggan Brigand began the quest for the
                  | Orb.
     0 | D:1      | Reached XP level 1. HP: 10/10 MP: 2/2
    39 | D:1      | Reached skill level 6 in Stealth
   231 | D:1      | Reached XP level 2. HP: 15/15 MP: 3/3
   235 | D:1      | Found a faded altar of an unknown god.
   255 | D:1      | Got Plato's Lectures on Bewitchment
  1498 | D:2      | Reached XP level 3. HP: 18/18 MP: 4/4
  1733 | D:2      | Reached skill level 7 in Stealth
  1752 | D:2      | Reached XP level 4. HP: 21/23 MP: 5/5
  1949 | D:2      | Noticed Natasha
  1951 | D:2      | Killed Natasha
  2174 | D:2      | Noticed Natasha
  2182 | D:2      | Killed Natasha
  2183 | D:2      | Reached skill level 8 in Stealth
  2302 | D:3      | Reached XP level 5. HP: 23/27 MP: 6/6
  2864 | D:3      | Identified the ring of Mirth {rN+ Slay+3}
  3285 | D:4      | Reached skill level 9 in Stealth
  3454 | D:4      | Noticed a phantom
  3491 | D:4      | Killed a phantom
  3492 | D:4      | Reached skill level 1 in Evocations
  3492 | D:4      | Reached XP level 6. HP: 32/32 MP: 7/7
  3712 | D:4      | Noticed Pikel
  3737 | D:4      | Killed Pikel
  3738 | D:4      | Reached skill level 10 in Stealth
  3738 | D:4      | Reached XP level 7. HP: 34/35 MP: 7/11
  3797 | D:4      | Noticed Ijyb
  3872 | D:4      | Killed Ijyb
  3873 | D:4      | Reached skill level 11 in Stealth
  4348 | D:4      | Reached XP level 8. HP: 30/40 MP: 12/12
  4720 | D:5      | Entered Level 5 of the Dungeon
  5069 | D:5      | Found a staircase to the Ecumenical Temple.
  5078 | Temple   | Entered the Ecumenical Temple
  5428 | D:5      | Noticed Duvessa
  5430 | D:5      | Noticed Dowan
  5461 | D:5      | Killed Duvessa
  5583 | D:5      | Killed Dowan
  5822 | D:5      | Found a shadowy altar of Dithmenos.
  5976 | D:5      | Found an opulent altar of Gozag.
  6246 | D:6      | Noticed Grinder
  6250 | D:6      | Killed Grinder
  6251 | D:6      | Reached skill level 5 in Short Blades
  6251 | D:6      | Reached skill level 12 in Stealth
  6253 | D:6      | Learned a level 1 spell: Foxfire
  6398 | D:6      | Reached skill level 5 in Dodging
  6555 | D:6      | Noticed a boulder beetle
  6570 | D:6      | Killed a boulder beetle
  6571 | D:6      | Reached skill level 13 in Stealth
  6571 | D:6      | Reached skill level 1 in Conjurations
  6571 | D:6      | Reached skill level 1 in Fire Magic
  6571 | D:6      | Reached XP level 9. HP: 7/44 MP: 14/16
  6822 | D:6      | Reached skill level 5 in Evocations
  7253 | D:6      | Found a runed translucent door.
  7254 | D:6      | Noticed Crazy Yiuf
  7320 | D:6      | Killed Crazy Yiuf
  7579 | D:5      | Became a worshipper of Gozag Ym Sagoz the Greedy
  8099 | D:7      | Found Noluin's Antique Weapon Emporium.
  8141 | D:7      | Reached skill level 1 in Ranged Weapons
  8361 | D:7      | Reached XP level 10. HP: 15/48 MP: 18/18
  8757 | D:7      | Found Gughidgh's Magic Scroll Boutique.
  8760 | D:7      | Bought a scroll of identify for 26 gold pieces
  8760 | D:7      | Bought a scroll of identify for 26 gold pieces
  8760 | D:7      | Bought a scroll of identify for 26 gold pieces
  8821 | D:7      | Reached skill level 5 in Spellcasting
  8990 | D:7      | Found a radiant altar of Vehumet.
  8991 | D:7      | Found a burning altar of Makhleb.
  9350 | D:8      | Reached skill level 14 in Stealth
  9713 | D:8      | Slain by a hornet

Illustrated notes

Levels and vault maps discovered:
D:1:      dpeg_arrival_connections, layout_loops_ring,
          shapermc_ecumenical_altar_rom_forum, chequers_serial_rivers_small_a,
          lemuel_flame_loot_1
D:2:      layout_loops_ring, serial_aquarium, aquarium_bridge_square
          [aquarium_subvault_window, aquarium_subvault_wall,
          aquarium_subvault_bridge, aquarium_subvault_wall],
          aquarium_window_corridor_2, aquarium_window_fake, aquarium_window_1,
          aquarium_view_2b, aquarium_balcony_1b, aquarium_pool_corner,
          minivault_24, uniq_natasha
D:3:      layout_loops_ring, kennysheep_decorative_pillar
D:4:      layout_loops_ring, uniq_ijyb, uniq_pikel
D:5:      layout_basic, kennysheep_mini, nicolae_overflow_hidden_temple,
          temple_fountains, uniq_duvessa
D:6:      kennysheep_big_flooded_room, layout_basic,
          amcnicky_mini_rare_corridor_liquid, hangedman_decor_diamond_cutter,
          uniq_grinder, uniq_crazy_yiuf_cottage
D:7:      layout_cave_pools, grunt_temple_overflow_lords_of_destruction,
          serial_shops, kennysheep_mini_moat, nicolae_shop_statue_plus
D:8:      layout_gridville, minivault_1
Temple:   regret_index_temple_chain_breaker

Skill      XL: |  1  2  3  4  5  6  7  8  9 10 |
---------------+-------------------------------+-----
Stealth        | 6 7 8 9 10 11 13 14 | 14.0
Fighting       | 2 3 |  3.7
Short Blades   | 3 4 5 6 |  6.4
Dodging        | 2 3 4 5 6 |  6.4
Evocations     | 1 2 3 4 5 6 |  6.0
Spellcasting   | 2 4 5 |  5.2
Throwing       | 3 4 |  4.4
Conjurations   | 1 |  1.9
Fire Magic     | 1 2 |  2.2
Ranged Weapons | 1 2 |  2.2

Action                   |  1- 3 |  4- 6 |  7- 9 | 10-12 || total
-------------------------+-------+-------+-------+-------++-------
Melee: Dagger            |    59 |   116 |   172 |    79 ||   426
       Punch             |       |     1 |     3 |     1 ||     5
 Fire: Sling             |       |       |    17 |     5 ||    22
Throw: Dart              |     1 |     4 |    58 |     3 ||    66
 Cast: Foxfire           |       |       |       |     4 ||     4
Evoke: Wand              |       |     3 |     7 |       ||    10
  Use: Scroll            |     8 |     4 |     6 |     4 ||    22
       Potion            |       |       |     1 |       ||     1
 Stab: Sleeping          |    11 |    18 |    12 |       ||    41
       Distracted        |       |     2 |     1 |     1 ||     4
Armor: Robe              |     8 |     3 |    11 |    13 ||    35
Dodge: Dodged            |    29 |    59 |   117 |    91 ||   296
